 Dungeon Crawl Stone Soup version 0.30-a0-6-g7c9e10e132 (webtiles) character file.

Game seed: 11155250034419422672

343 xian the Sneak (level 6, -6/34 HPs)
             Began as a Kobold Enchanter on Aug 23, 2022.
             Was a Priest of Nemelex Xobeh.
             Killed by divine providence
             ... invoked by an orc priest
              (11 damage)
             ... on level 5 of the Dungeon.
             The game lasted 00:13:30 (5037 turns).

xian the Sneak (Kobold Enchanter)                   Turns: 5037, Time: 00:13:31

Health: -6/34      AC:  4    Str: 11    XL:     6   Next: 88%
Magic:  11/11      EV: 15    Int: 17    God:    Nemelex Xobeh [***...]
Gold:   209        SH:  0    Dex: 17    Spells: 6/11 levels left

rFire   . . .      SeeInvis .    l - +2 dagger (holy)
rCold   . . .      Faith    .    (no shield)
rNeg    . . .      Spirit   .    j - +0 leather armour
rPois   .          Reflect  .    (helmet restricted)
rElec   .          Harm     .    (no cloak)
rCorr   .          Rampage  .    u - +0 pair of gloves
Will    .....                    (no boots)
Stlth   +++++.....               t - amulet of magic regeneration
HPRegen 0.11/turn                p - +6 ring of strength
MPRegen 0.52/turn                (no ring)

@: no status effects
A: small, no large weapons, nightstalker 3, antennae 1, thin skeletal structure
1, high MP 1, weak 1
a: Renounce Religion, Draw Escape, Draw Destruction, Draw Summoning, Triple Draw


You were on level 5 of the Dungeon.
You worshipped Nemelex Xobeh.
Nemelex Xobeh was most pleased with you.
You visited 1 branch of the dungeon, and saw 5 of its levels.
You also visited: Sewer.

You collected 209 gold pieces.

Inventory:

Hand Weapons
 l - a +2 dagger of holy wrath (weapon)
Missiles
 e - 5 poisoned darts (quivered)
 o - 2 throwing nets
Armour
 j - a +0 leather armour (worn)
 u - a +0 pair of gloves (worn)
Jewellery
 p - a +6 ring of strength (left hand)
 t - an amulet of magic regeneration (around neck)
Scrolls
 d - 5 scrolls of fear {unknown}
 g - a scroll of torment {unknown}
 i - a scroll of amnesia
 k - a scroll of fog
 m - a scroll of teleportation {unknown}
 q - a scroll of poison {unknown}
 r - 2 scrolls of blinking
Potions
 a - 2 potions of brilliance {unknown}
 b - a potion of magic
 c - 2 potions of invisibility
 f - 2 potions of attraction
 h - 2 potions of curing
 n - a potion of experience {unknown}
 s - a potion of heal wounds {unknown}


   Skills:
 + Level 1.3 Fighting
 + Level 4.2 Short Blades
 + Level 1.6 Armour
 + Level 3.1 Dodging
 + Level 6.0 Stealth
 + Level 3.0 Spellcasting
 + Level 3.6 Hexes
 + Level 0.7 Ice Magic


You had 6 spell levels left.
You knew the following spells:

 Your Spells              Type           Power      Damage    Failure   Level
a - Ensorcelled Hibernat  Hex/Ice        18%        N/A       14%         2
b - Confusing Touch       Hex            14%        N/A       16%         3

Your spell library contained the following spells:

 Spells                   Type           Power      Damage    Failure   Level
 Tukima's Dance           Hex            14%        N/A       16%         3
 Magic Dart               Conj           8%         1d3       22%         1
 Dazzling Flash           Conj/Hex       16%        N/A       32%         3
 Passwall                 Tmut/Erth      1%         N/A       34%         2
 Searing Ray              Conj           4%         2d4       34%         2
 Swiftness                Air            2%         N/A       56%         3
 Fulminant Prism          Conj/Hex       4%         3d6       73%         4


Dungeon Overview and Level Annotations

Branches:
Dungeon (5/15)              Sewer (visited)
 Temple: D:4-7

Altars:
Ashenzari
Nemelex Xobeh
Qazlal


Innate Abilities, Weirdness & Mutations

You are small and have problems with some larger weapons.
You are completely attuned to the shadows.
You have a pair of small antennae on your head.
You have a somewhat thin skeletal structure. (Dex +2, Stealth+)
You have an increased reservoir of magic. (+10% MP)
You are weak. (Str -2)


Message History

An orc comes into view. It is wielding a +0 club.
You barely miss the orc.
The orc is almost dead.
The orc barely misses you. The orc hits you with a +0 club. The orc misses you.
You barely miss the orc.
The orc is almost dead.
The orc hits you with a +0 mace. The orc misses you.
The orc hits you with a +0 club.
You hit the orc but do no damage.
The orc is almost dead.
The orc completely misses you. The orc hits you with a +0 falchion.
* * * LOW HITPOINT WARNING * * *
Okay, then.
Okay, then.
You draw a card...
You have drawn the Pentagram.
The orc closely misses you. The orc hits you but does no damage.
The orc misses you. The orc closely misses you.
The orc attacks as you move away! The orc hits you with a +0 club.
* * * LOW HITPOINT WARNING * * *
The orc misses you.
Your red devil hits the orc from afar with a +0 trident!!
The orc dies!
The orc attacks as you move away! The orc misses you.
The orc misses your red devil.
Your hell hound breathes flames at the orc.
The blast of flame hits the orc!
The orc dies!
Your red devil hits the orc with a +0 trident!
The orc dies!
Your hell hound barely misses the orc.
Your red devil hits the orc from afar with a +0 trident!!
The orc dies!
An orc priest comes into view.
It is wielding a +1 short sword of venom.
Your red devil hits the orc priest with a +0 trident!
The orc priest is skewered by barbed spikes.
You swap places.
The orc priest invokes the aid of Beogh against you.
Beogh smites you!
You die...
Your body disappears without a glow.

#.#.# #.#.#
#.#.#
###.#.# #
... ......#
.
.###....#.#
#
........#.#
.##.....#.#
#..)..#.###
#...4.)....
#...@o)....
##..h......
#.........
####.###..
.#


You could see an orc priest (skewered, ally target), a friendly red devil
(summoned) and a friendly hell hound (summoned).

Vanquished Creatures
  An ogre (D:4)
  A hound (D:4)
  An iguana (D:4)
  A hell rat (Sewer)
  3 river rats (Sewer)
  4 adders
  An ufetubus (D:4)
  2 worms (D:3)
  A dart slug (D:4)
  6 orcs
  5 endoplasms
  5 giant cockroaches
  8 goblins
  11 hobgoblins
  6 jackals (D:4)
  8 kobolds
  2 quokkas
  5 ball pythons
  3 bats (D:1)
  4 frilled lizards
  12 rats
90 creatures vanquished.

Vanquished Creatures (collateral kills)
  4 orcs (D:5)
4 creatures vanquished.

Grand Total: 94 creatures vanquished

Notes
Turn   | Place    | Note
-------+----------+-------------------------------------------
     0 | D:1      | xian the Kobold Enchanter began the quest for the Orb.
     0 | D:1      | Reached XP level 1. HP: 10/10 MP: 3/3
   141 | D:1      | Reached XP level 2. HP: 10/15 MP: 5/5
   152 | D:1      | Learned a level 2 spell: Ensorcelled Hibernation
   651 | D:1      | Found a faded altar of an unknown god.
   656 | D:1      | Prayed at the altar of an unknown god.
   656 | D:1      | Became a worshipper of Nemelex Xobeh the Trickster
   656 | D:1      | Reached * piety under Nemelex Xobeh
   656 | D:1      | Received a gift from Nemelex Xobeh
   975 | D:1      | Reached XP level 3. HP: 19/19 MP: 6/6
  1171 | D:2      | Gained mutation: You have a somewhat thin skeletal
                  | structure. (Dex +2, Stealth+) [potion of mutation]
  1171 | D:2      | Gained mutation: You are weak. (Str -2) [potion of
                  | mutation]
  1171 | D:2      | Gained mutation: You have a pair of small antennae on your
                  | head. [potion of mutation]
  1171 | D:2      | Gained mutation: You have an increased reservoir of magic.
                  | (+10% MP) [potion of mutation]
  1613 | D:2      | Reached XP level 4. HP: 23/24 MP: 8/8
  1620 | D:2      | Learned a level 3 spell: Confusing Touch
  2278 | D:3      | Found a glowing drain.
  2294 | Sewer    | Entered a sewer
  2317 | Sewer    | Reached skill level 5 in Stealth
  2475 | Sewer    | Reached XP level 5. HP: 28/28 MP: 9/9
  2498 | Sewer    | Reached skill level 1 in Armour
  2896 | D:3      | Reached ** piety under Nemelex Xobeh
  3748 | D:4      | Reached skill level 1 in Fighting
  3748 | D:4      | Reached XP level 6. HP: 22/34 MP: 4/11
  3893 | D:4      | Found a broken altar of Ashenzari.
  4212 | D:4      | Received a gift from Nemelex Xobeh
  4384 | D:4      | Noticed an ogre
  4388 | D:4      | Killed an ogre
  4565 | D:4      | Reached *** piety under Nemelex Xobeh
  4595 | D:4      | Found a stormy altar of Qazlal.
  4645 | D:4      | Reached skill level 6 in Stealth
  4973 | D:5      | Entered Level 5 of the Dungeon
  5037 | D:5      | Killed from afar by an orc priest

Illustrated notes

Levels and vault maps discovered:
D:1:      dpeg_arrival_rooms_with_view, layout_basic,
          shapermc_ecumenical_altar_mp_highgroup
D:2:      layout_rooms, serial_glass, glass_columns_b, glass_columns_a,
          minmay_misc_feat_enclosed, nicolae_concentric_dashed_squares_mild,
          kennysheep_generic_room_9
D:3:      layout_basic, cheibrodos_sewer_entry_bend, minmay_starry_boxes
D:4:      layout_loops_cross, mainiacjoe_overflow_swirl
D:5:      layout_basic, mainiacjoe_overflow_alcove_2, elyvilon_altar_1,
          serial_shops, nicolae_shop_crystal, chequers_decorated_corner,
          lemuel_flamethrower_2

Skill      XL: |  1  2  3  4  5  6 |
---------------+-------------------+-----
Short Blades   | 2 3 4 |  4.2
Stealth        | 5 6 |  6.0
Armour         | 1 |  1.6
Fighting       | 1 |  1.3
Dodging        | 3 |  3.1
Spellcasting   | 3 |  3.0
Hexes          | |  3.6
Ice Magic      | |  0.7

Action                   |  1- 3 |  4- 6 || total
-------------------------+-------+-------++-------
Melee: Dagger            |    88 |   167 ||   255
       Punch             |     2 |     1 ||     3
Throw: Dart              |     1 |     2 ||     3
 Cast: Ensorcelled Hiber |     4 |    11 ||    15
Invok: Draw Destruction  |       |     2 ||     2
       Draw Summoning    |       |     1 ||     1
  Use: Potion            |     2 |       ||     2
       Scroll            |       |     7 ||     7
 Stab: Sleeping          |    11 |    36 ||    47
Armor: Robe              |     7 |       ||     7
       Leather armour    |     6 |    19 ||    25
Dodge: Dodged            |    62 |   134 ||   196

Table legend: (Time is in decaauts)
 A = Elapsed time spent in this place.
 B = Non-inter-level travel time spent in this place.
 C = Inter-level travel time spent in this place.
 D = Time resting spent in this place.
 E = Time spent auto-exploring this place.
 F = Levels seen in this place.
 G = Mean time per level.
                   A        B        C        D        E       F      G
               +--------+--------+--------+--------+--------+-----+--------+
         Total |   5018 |   4911 |    107 |      0 |   3814 |   6 |  836.3 |
       Dungeon |   4789 |   4682 |    107 |      0 |   3673 |   5 |  957.8 |
         Sewer |    228 |    228 |      0 |      0 |    140 |   1 |  228.0 |
               +--------+--------+--------+--------+--------+-----+--------+

Top non-repeatable levels by time:
     D:4: 1291 daAuts
     D:3: 1267 daAuts
     D:1: 1131 daAuts
     D:2: 1038 daAuts
   Sewer: 228 daAuts
     D:5: 60 daAuts
